 Dungeon Crawl Stone Soup version 0.31-a0-187-gba352fbbf7 (webtiles) character file.

Game seed: 17039356543042369740

84 qw the Shooter (level 4, 0/25 HPs)
             Began as a Deep Elf Hunter on June 22, 2023.
             Killed from afar by Grinder (9 damage)
             ... with a puff of flame
             ... on level 3 of the Dungeon.
             The game lasted 00:00:34 (1575 turns).

qw the Shooter (Deep Elf Hunter)                    Turns: 1575, Time: 00:00:35

Health: 0/25       AC:  6    Str: 10    XL:     4   Next: 24%
Magic:  6/6        EV: 12    Int: 14    God:
Gold:   105        SH:  0    Dex: 18    Spells: 3/3 levels left

rFire   . . .        Y - +0 shortbow
rCold   . . .        (shield currently unavailable)
rNeg    . . .        c - +0 leather armour
rPois   .            l - +2 helmet
rElec   .            (no cloak)
rCorr   .            (no gloves)
SInv    .            (no boots)
Will    .....        (no amulet)
Stlth   ++           d - +4 ring of slaying {mikee}
HPRegen 0.24/turn    (no ring)
MPRegen 0.10/turn

%: no passive effects
@: no status effects
A: no striking features
a: no special abilities


You were on level 3 of the Dungeon.
You visited 1 branch of the dungeon, and saw 3 of its levels.

You collected 105 gold pieces.


   Skills:
 - Level 1.5 Fighting
 + Level 7.7 Ranged Weapons
 - Level 2.4 Dodging
 - Level 1.2 Stealth


You had 3 spell levels left.
You didn't know any spells.
Your spell library was empty.

Inventory:

Hand Weapons
 Y - a +0 shortbow (weapon)
Armour
 a - a +0 ring mail
 c - a +0 leather armour (worn)
 l - a +2 helmet (worn)
Jewellery
 d - a +4 ring of slaying (left hand) {mikee}
Scrolls
 b - a scroll of identify
 i - a scroll of enchant armour
Potions
 e - a potion of resistance {unknown}
 n - a potion of curing

Dungeon Overview and Level Annotations

Branches:
Dungeon (3/15)

Altars:

Annotations:
D:3 Grinder


Message History

The orc is severely wounded.
You shoot an arrow. The arrow hits the orc!
You kill the orc!
You shoot an arrow. The arrow hits the worm.
The worm is heavily wounded.
You shoot an arrow. The arrow hits the worm.
The worm is severely wounded.
You shoot an arrow. The arrow hits the worm.
The worm is almost dead.
You shoot an arrow. The arrow hits the orc!
You kill the orc!
You shoot an arrow. The arrow barely misses the worm.
You shoot an arrow. The arrow barely misses the worm.
You shoot an arrow. The arrow hits the worm.
The worm is almost dead.
The worm barely misses you.
You shoot an arrow. The arrow hits the worm.
You kill the worm!
Found an escape hatch in the floor.
Things that are here:
a +0 short sword; a +0 leather armour; a worm corpse You see here a +0 spear.
You now have 105 gold pieces (gained 10).
b - a scroll of identify Grinder comes into view.
She is carrying a wand of flame (16).
Found a stone staircase leading down.
Grinder shouts!
You shoot an arrow. The arrow hits Grinder!
Grinder is moderately wounded.
Grinder gestures at you.
You suddenly lose the ability to move!
You can move again.
Grinder zaps a wand.
The puff of flame hits you.
You shoot an arrow. The arrow hits Grinder.
Grinder is moderately wounded.
Grinder gestures at you. Pain shoots through your body!
You shoot an arrow. The arrow barely misses Grinder.
Grinder zaps a wand.
The puff of flame hits you!
You die...

.....# .:...#
.....######## ###
............. .>#
......####### #.#
......# ##.# ......# 5.#
......##########.#####.#
................@......#
#+##############.#######
#.# #.# #.# #.# #.# #.#


You could see Grinder.

Vanquished Creatures
  2 adders (D:2)
  2 worms
  A dart slug (D:2)
  2 orcs (D:3)
  3 ball pythons
  5 bats
  3 endoplasms
  3 giant cockroaches (D:1)
  6 goblins
  5 hobgoblins
  7 jackals
  A kobold (D:1)
  2 quokkas
  3 frilled lizards
  4 rats (D:1)
49 creatures vanquished.

Notes
Turn   | Place    | Note
-------+----------+-------------------------------------------
     0 | D:1      | qw the Deep Elf Hunter began the quest for the Orb.
     0 | D:1      | Reached XP level 1. HP: 12/12 MP: 3/3
     0 | D:1      | 0 ||| qw: Version: 0.3-a-9-g12657ce
     0 | D:1      | 0 ||| qw: Game counter: 2506
     0 | D:1      | 0 ||| qw: Always use a shield: true
     0 | D:1      | 0 ||| qw: God list: Okawaru
     0 | D:1      | 0 ||| qw: Allow faded altars: false
     0 | D:1      | 0 ||| qw: Do Orc after D:15 true
     0 | D:1      | 0 ||| qw: Do second Lair branch before Depths: true
     0 | D:1      | 0 ||| qw: Lair rune preference: random
     0 | D:1      | 0 ||| qw: Plans: Normal
     0 | D:1      | 0 ||| PLANNING D:1-11
    68 | D:1      | Reached skill level 6 in Ranged Weapons
    68 | D:1      | Reached XP level 2. HP: 14/16 MP: 4/4
   492 | D:1      | Reached XP level 3. HP: 20/20 MP: 5/5
   879 | D:1      | 879 ||| UPGRADING to +2 helmet.
   884 | D:1      | 884 ||| UPGRADING to +4 ring of slaying {mikee}.
   885 | D:1      | 885 ||| READING scroll labelled NOULEDDEOGH.
   886 | D:1      | 886 ||| READING scroll labelled QEFYWO UPOYBB.
   887 | D:1      | 887 ||| READING 3 scrolls labelled RUSHRA UMAOPT.
   888 | D:1      | 888 ||| READING 2 scrolls labelled MAUTZY NOINA.
   889 | D:1      | 889 ||| READING scroll labelled KOYGYT DIXU.
   890 | D:1      | 890 ||| READING scroll labelled KAOTWACUGH.
   891 | D:1      | 891 ||| DRINKING 2 metallic dark potions.
   925 | D:1      | 925 ||| DRINKING 2 lumpy emerald potions.
   926 | D:1      | 926 ||| DROPPING scroll of butterflies.
   927 | D:1      | 927 ||| DROPPING 2 scrolls of immolation.
   928 | D:1      | 928 ||| DROPPING potion of lignification.
   982 | D:2      | Reached skill level 7 in Ranged Weapons
  1241 | D:2      | Reached XP level 4. HP: 25/25 MP: 6/6
  1471 | D:2      | 1471 ||| READING scroll labelled WECISCHEFIC.
  1570 | D:3      | Noticed Grinder
  1571 | D:3      | Paralysed by Grinder for 2 turns
  1575 | D:3      | Killed from afar by Grinder

Levels and vault maps discovered:
D:1:      dpeg_arrival_long_road, layout_basic, nicolae_hexahallways
D:2:      layout_loops_cross
D:3:      layout_basic, small_statue_intersection, uniq_grinder

Skill      XL: |  1  2  3 |
---------------+----------+-----
Ranged Weapons | 6 7 |  7.7
Fighting       | |  1.5
Dodging        | |  2.4
Stealth        | |  1.2

Action                     |  1- 3 |  4- 6 || total
---------------------------+-------+-------++-------
   Fire: Shortbow          |    89 |    27 ||   116
    Use: Scroll            |     6 |     1 ||     7
         Potion            |     2 |       ||     2
 Armour: Leather armour    |     5 |     1 ||     6
  Dodge: Dodged            |    24 |     5 ||    29

Table legend:
 A = Non-vault XP
 B = Vault XP
 C = Vault XP percentage of total XP
 D = Non-vault monster count
 E = Vault monster count
 F = Vault count percentage of total count
                 A         B        C        D         E       F
            +---------+---------+-------+---------+---------+-------
      Total |     121 |       0 |   0.0 |      49 |       0 |   0.0
            +---------+---------+-------+---------+---------+-------
        D:1 |      51 |       0 |   0.0 |      28 |       0 |   0.0
        D:2 |      53 |       0 |   0.0 |      15 |       0 |   0.0
        D:3 |      17 |       0 |   0.0 |       6 |       0 |   0.0
            +---------+---------+-------+---------+---------+-------
